 Dungeon Crawl Stone Soup version 0.30-a0-1082-g70414cbcbb (webtiles) character file.

Game seed: 18395821070607641818

108591 cforsyth the Convoker (level 16, -4/114 HPs)
             Began as an Octopode Summoner on Apr 15, 2023.
             Was an Initiate of Gozag.
             Slain by Mlioglotl (18 damage)
             ... on level 1 of the Swamp.
             The game lasted 01:21:49 (35776 turns).

cforsyth the Convoker (Octopode Summoner)          Turns: 35776, Time: 01:21:50

Health: -4/114     AC: 12    Str:  7    XL:     16   Next: 50%
Magic:  2/34       EV: 27    Int: 34    God:    Gozag
Gold:   1881       SH:  0    Dex: 21    Spells: 7/43 levels left

rFire   . . .      SeeInvis +    Y - +3 war axe "Iczoc" {protect, rPois}
rCold   + . .      Faith    .    (no shield)
rNeg    . . .      Spirit   .    (helmet restricted)
rPois   +          Reflect  .    h - amulet of regeneration
rElec   .          Rampage  .    b - +5 ring of evasion
rCorr   .                        f - ring of willpower
Will    +++..                    d - ring of willpower
Stlth   ++++                     y - ring of see invisible
HPRegen 1.19/turn                v - ring "Busuthaw" {AC+4 Int+5}
MPRegen 0.24/turn                Q - ring of protection from cold
                                 T - +6 ring of intelligence
                                 W - +6 ring of dexterity

@: under a protective aura
A: almost no armour, amphibious, 8 rings, camouflage 1, gelatinous body 1,
(nimble swimmer 1), tentacles
a: Renounce Religion, Potion Petition, Call Merchant, Bribe Branch


You were on level 1 of the Swamp.
You worshipped Gozag.
Gozag was most pleased with you.
You visited 5 branches of the dungeon, and saw 25 of its levels.
You also visited: Bailey.

You collected 10055 gold pieces.
You spent 1390 gold pieces at shops.
You paid 6784 gold pieces to Gozag.

Inventory:

Hand Weapons
 Y - the +3 war axe "Iczoc" (weapon) {protect, rPois}
   (You found it on level 14 of the Dungeon)

   rPois:     It protects you from poison.
Magical Staves
 l - the staff of air "Zutyrum" {rElec Stlth+}
   (You acquired it on level 9 of the Dungeon)

   [staff of air]

   Base accuracy: +5 Base damage: 5 Base attack delay: 1.2 This weapon's minimum
   attack delay (0.6) is reached at skill level 12.
   rElec:     It insulates you from electricity.
   Stlth:     It makes you more stealthy.
   It falls into the 'Staves' category.
   It is a one-tentacled weapon.
Jewellery
 b - a +5 ring of evasion (left tentacle)
 d - a ring of willpower (on tentacle)
 f - a ring of willpower (right tentacle)
 h - an amulet of regeneration (around mantle)
 r - an amulet of guardian spirit
 v - the ring "Busuthaw" (on tentacle) {AC+4 Int+5}
   (You bought it in a shop on level 1 of the Lair of Beasts)

   [ring of protection]

   AC:        It affects your AC (+4).
   Int:       It affects your intelligence (+5).
 y - a ring of see invisible (on tentacle)
 O - a ring of flight
 Q - a ring of protection from cold (on tentacle)
 T - a +6 ring of intelligence (on tentacle)
 U - the amulet "Kohoroh" {Regen+ Str-5 Int+6}
   (You bought it in a shop on level 1 of the Lair of Beasts)

   [amulet of regeneration]

   Str:       It affects your strength (-5).
   Int:       It affects your intelligence (+6).
   Regen:     It increases your rate of health regeneration.
 W - a +6 ring of dexterity (on tentacle)
 X - a +6 ring of dexterity
 Z - a ring of wizardry
Wands
 p - a wand of polymorph (17)
 x - a wand of flame (26)
 C - a wand of digging (6)
 G - a wand of iceblast (17)
 H - a wand of charming (11)
 J - a wand of mindburst (5)
Scrolls
 k - 2 scrolls of immolation
 n - 3 scrolls of summoning {unknown}
 o - 4 scrolls of teleportation
 s - 2 scrolls of vulnerability
 t - 2 scrolls of blinking {unknown}
 w - a scroll of poison
 A - 8 scrolls of enchant armour {unknown}
 B - 4 scrolls of magic mapping {unknown}
 D - 3 scrolls of amnesia
 K - 2 scrolls of torment {unknown}
 L - a scroll of fear
 M - a scroll of fog
 N - 4 scrolls of brand weapon
 P - 2 scrolls of enchant weapon {unknown}
 S - 6 scrolls of identify
Potions
 a - 6 potions of magic
 e - 2 potions of invisibility
 g - 8 potions of curing
 i - 3 potions of attraction
 j - 3 potions of flight
 m - 7 potions of haste
 q - 3 potions of mutation
 u - 2 potions of ambrosia
 z - 4 potions of might
 E - 4 potions of brilliance
 F - a potion of lignification
 I - a potion of resistance
 R - a potion of cancellation {unknown}
 V - a potion of berserk rage {unknown}


   Skills:
 - Level 11.7 Fighting
 - Level 12.0 Dodging
 - Level 2.6 Stealth
 - Level 14.0 Spellcasting
 - Level 3.0 Hexes
 - Level 15.5 Summonings
 + Level 11.2 Transmutations
 - Level 4.0 Air Magic


You had 7 spell levels left.
You knew the following spells:

 Your Spells              Type           Power      Damage    Failure   Level
a - Dragon Form           Tmut           39%        N/A       14%         7
b - Call Imp              Summ           100%       N/A       0%          2
c - Call Canine Familiar  Summ           92%        N/A       0%          3
d - Summon Guardian Gole  Hex/Summ       72%        N/A       1%          3
e - Summon Lightning Spi  Summ/Air       74%        N/A       1%          4
f - Summon Forest         Summ/Tloc      33%        N/A       1%          5
g - Summon Cactus Giant   Summ           46%        N/A       1%          6
h - Summon Mana Viper     Hex/Summ       72%        N/A       1%          5
i - Summon Small Mammal   Summ           100%       N/A       0%          1

Your spell library contained the following spells:

 Spells                   Type           Power      Damage    Failure   Level
 Magic Dart               Conj           92%        1d7       1%          1
 Ensorcelled Hibernation  Hex/Ice        68%        N/A       1%          2
 Spider Form              Tmut/Pois      58%        N/A       1%          3
 Tukima's Dance           Hex            44%        N/A       1%          3
 Petrify                  Tmut/Erth      58%        N/A       1%          4
 Blade Hands              Tmut           39%        N/A       1%          5
 Momentum Strike          Conj/Tloc      46%        3d9       2%          2
 Searing Ray              Conj           46%        2d6       2%          2
 Sublimation of Blood     Necr           23%        N/A       2%          2
 Yara's Violent Unravell  Hex/Tmut       32%        3d13      2%          5
 Irradiate                Conj/Tmut      29%        3d21      4%          5
 Anguish                  Hex/Necr       17%        N/A       10%         4
 Fulminant Prism          Conj/Hex       17%        3d11      10%         4
 Iskenderun's Mystic Bla  Conj/Tloc      23%        2d6       17%         4
 Manifold Assault         Tloc           23%        N/A       17%         4
 Passage of Golubria      Tloc           23%        N/A       17%         4
 Borgnjor's Vile Clutch   Necr/Erth      11%        N/A       43%         5
 Spellforged Servitor     Conj/Summ      33%        N/A       52%         7
 Death Channel            Necr           11%        N/A       95%         6
 Dispersal                Tloc           11%        N/A       95%         6
 Iron Shot                Conj/Erth      11%        9d3       95%         6
 Orb of Destruction       Conj           11%        9d6       100%        7
 Disjunction              Tloc           11%        N/A       100%        8
 Animate Armour           Summ/Erth      Unusable   N/A       N/A         4
 Animate Dead             Necr           Unusable   N/A       N/A         4

Dungeon Overview and Level Annotations

Branches:
Dungeon (15/15)            Temple (1/1) D:6            Lair (5/5) D:11
  Swamp (2/4) Lair:2        Snake (0/4) Lair:2        Slime (0/5) Lair:5
    Orc (2/2) D:11            Elf (0/3) Orc:2        Vaults (0/5) D:13
 Depths (0/4) D:15         Bailey (visited)

Altars:
Ashenzari
Cheibriados
Dithmenos
Elyvilon
Fedhas
Gozag
Hepliaklqana
Kikubaaqudgha
Makhleb
Nemelex Xobeh
Okawaru
Qazlal
Ru
Sif Muna
Trog
Uskayaw
Vehumet
Wu Jian
Xom
Yredelemnul
Zin
The Shining One
Jiyva

Shops:
D:3 [   D:4 (   D:7 [   D:10 *   D:14 [   Orc:2 [([*:   Lair:1 [*:*=?:

Annotations:
Swamp:1 Mlioglotl


Innate Abilities, Weirdness & Mutations

You cannot wear most types of armour.
You are amphibious.
You can wear up to eight rings at the same time.
Your skin changes colour to match your surroundings (Stealth+).
Your rubbery body absorbs attacks. (AC +1, EV +1)
((You are camouflaged when in or above water. (Stealth+)))
You have tentacles for arms and can constrict up to eight enemies at once.


Message History

Mlioglotl corrupts the dungeon around him!
What are your orders? t - Shout!
Orders for allies: a - Attack new target. r - Retreat! s - Stop attacking. g - Guard the area. f - Follow me.
Anything else - Cancel.
Gang up on whom?
Press: ? - help, Dir - move target, f - Mlioglotl
Aim: Mlioglotl (almost dead, strong, ally target) Attack!
Space becomes stable.
Mlioglotl misses you. Mlioglotl completely misses you.
Your mana viper bites Mlioglotl.
Unknown command.
You barely miss Mlioglotl.
Mlioglotl is almost dead.
You hit the great orb of eyes.
Mlioglotl churns violently!
Mlioglotl radiates an aura of fear!
You resist with almost no effort.
Your mana viper looks frightened!
The great orb of eyes completely misses you.
Mlioglotl completely misses you. Mlioglotl misses you.
Your mana viper returns to your side!
The great orb of eyes bites you!
Unknown command.
You barely miss Mlioglotl. You squeeze Mlioglotl.
Mlioglotl is almost dead.
You hit the great orb of eyes.
The large abomination disappears in a puff of smoke!
Mlioglotl completely misses you. Mlioglotl tramples you!!
* * * LOW HITPOINT WARNING * * *
You hold your ground!
Your mana viper bites Mlioglotl.
Mlioglotl completely misses you. Mlioglotl tramples you!!
* * * LOW HITPOINT WARNING * * *
You hold your ground!
Your mana viper bites Mlioglotl.
The great orb of eyes misses you.
Unknown command.
You feel better. Mlioglotl completely misses you. Mlioglotl tramples you!!
You die...
Your body crumbles into a pile of gold.

♣.♣♣~.~~.[♣♣♣...~..~~~.~§~~
♣♣.♣~♣~.X♣♣ ♣♣..~~.♣...~~~~
♣♣.~♣~~~♣ ♣♣♣.♣♣♣~~.~~~.
♣♣.♣##♣♣ ♣♣♣♣..♣.<... ♣♣...u♣
♣~~~~♣§.≈ ♣≈♣≈♣X♣♣ ♣.~~~§~~.
####≈≈.~♣♣ ♣~...~~.§
###/.###≈~X♣♣ ♣~~~.~~~.
##./...~♣♣≈S@♣♣♣ ♣♣.~~~~~.~
##...§#####≈♣#Gx♣♣♣♣♣..§♣~♣~..
#....§§§#§#≈~~#.>..~♣....~.~~~
##..§~§###.#≈.~♣~~♣~~~~~♣♣♣.~~.
#~.....§..~#♣♣..~~~~§~~♣♣ ♣♣..~
##~..~......#♣♣~~..~.~.♣ ♣♣~♣..
#~....~.|.### ♣♣♣♣♣♣...♣♣♣~~~.~
##......###♣ ♣♣♣.♣♣......
###...##≈≈♣ ♣.♣♣.~...♣


You could see Mlioglotl (strong, ally target), a green very ugly thing
(summoned), a great orb of eyes (summoned), a large abomination (summoned), a
small abomination (summoned) and a friendly mana viper (summoned).

Vanquished Creatures
  A deep elf pyromancer (D:12)
  A black mamba (Lair:5)
  A slime creature (D:13)
  3 vampire mosquitoes (Swamp:1)
  2 bullfrogs
  A howler monkey (D:6)
  A hound (D:6)
  A jelly (Lair:5)
  3 orc priests
  2 orc wizards
  A gnoll (D:7)
  An ufetubus (D:6)
  3 orcs
  An endoplasm (D:1)
  A hobgoblin (Bailey)
  A jackal (D:4)
  2 quokkas
26 creatures vanquished.

Vanquished Creatures (collateral kills)
  A thorn hunter (Swamp:1)
  A fenstrider witch (Swamp:1)
  The ghost of Bukydon the Severer, a journeyman MiFi of Gozag (D:14)
  An orc warlord (Orc:2)
  A stone giant (D:15)
  The ghost of gelatine the Tainter, a journeyman DsVM of Vehumet (Orc:2)
  2 eleionomae (Swamp:1)
  The ghost of jimonade the Spear-Bearer, a journeyman FoWr of Cheibriados (Lair:2)
  A bunyip (Swamp:2)
  A shambling mangrove (Swamp:1)
  A fire dragon (Lair:5)
  The ghost of Vuvadabb the Severer, a journeyman HOMo of Beogh (Orc:1)
  Erolcha (Orc:1)
  9 hydras
  An ogre mage (D:13)
  6 centaur warriors
  4 alligators
  3 death yaks (Lair:2)
  A boulder beetle (Lair:4)
  3 tengu warriors
  4 two-headed ogres
  2 ghost crabs
  A spriggan berserker (Swamp:1)
  3 orc high priests (Orc:2)
  Nergalle (D:12)
  A deep elf knight (D:13)
  Amaemon (D:9)
  3 skysharks
  A goliath frog (Swamp:1)
  2 swamp dragons (Swamp:2)
  2 bog bodies
  2 spriggan druids
  A wizard (D:14)
  8 orc knights
  An oklob plant (D:11)
  A lindwurm (Lair:5)
  A deep elf zephyrmancer (D:13)
  6 deep elf pyromancers
  3 manticores
  5 orc sorcerers
  3 cyclopes
  13 ugly things
  4 black mambas
  3 molten gargoyles (Lair:5)
  2 torpor snails
  4 cane toads
  An unseen horror (D:12)
  An orange demon (D:9)
  7 komodo dragons
  4 kobold demonologists
  2 rime drakes
  An efreet (D:13)
  A rime drake (shapeshifter) (D:15)
  3 meliai (D:13)
  6 trolls
  A polar bear (Lair:4)
  8 hornets (Swamp:1)
  A blink frog (shapeshifter) (D:14)
  3 tyrant leeches
  2 dream sheep (Lair:4)
  5 blink frogs (Lair:2)
  4 spriggans (Swamp:1)
  Sigmund (D:5)
  A culicivora (shapeshifter) (D:15)
  33 yaks
  8 slime creatures
  6 wraiths
  2 nameless horrors
  7 wyverns
  5 basilisks
  2 steam dragons
  Grum (D:10)
  4 neqoxecs (Orc:1)
  4 vampire mosquitoes
  6 swamp worms (Swamp:1)
  3 wargs (Orc:1)
  3 nagas (Lair:2)
  3 hell hounds (Lair:5)
  7 water moccasins
  36 orc warriors
  A sky beast (D:7)
  An ice beast (D:7)
  12 black bears
  7 ogres
  20 wolves
  A phantom (D:5)
  15 centaurs
  A spectral wyvern (Lair:2)
  12 bullfrogs
  3 kobold brigands
  Blork the orc (D:6)
  A gnoll sergeant (D:13)
  A scorpion (D:6)
  2 wights (D:7)
  6 killer bees
  A spectral wolf (Lair:2)
  3 howler monkeys (D:14)
  5 electric eels
  5 lava snakes (Lair:5)
  3 quasits (Orc:1)
  5 jellies
  2 gnoll boudas
  18 orc priests
  A sleepcap (D:5)
  3 iguanas
  25 orc wizards
  Robin (D:3)
  18 gnolls
  4 adders
  A shadow imp (D:6)
  A white imp (D:6)
  An ufetubus (D:5)
  2 worms (D:2)
  2 dart slugs (D:2)
  76 orcs
  8 bats
  2 endoplasms (D:3)
  A giant cockroach (D:1)
  24 goblins
  14 hobgoblins
  2 jackals (D:4)
  2 quokkas
  7 ball pythons
  2 frilled lizards
  10 kobolds
  7 rats
  A briar patch (Swamp:1)
  A starspawn tentacle (Swamp:1)
643 creatures vanquished.

Vanquished Creatures (others)
  Snorg (D:10)
  Josephine (D:11)
  2 two-headed ogres (D:12)
  3 death yaks (Lair:2)
  2 slime creatures
  2 cyclopes (D:12)
  An ugly thing (D:13)
  A black mamba (Lair:5)
  A gargoyle (D:12)
  2 komodo dragons
  A spectral skyshark (Lair:2)
  2 trolls (D:11)
  A spriggan (Swamp:1)
  9 yaks
  A wraith (D:11)
  3 vampire mosquitoes (D:10)
  A spectral polar bear (Lair:2)
  An acid dragon (D:10)
  An ice beast (D:6)
  5 orc warriors
  A black bear (D:4)
  4 wolves (Lair:1)
  An ogre (D:3)
  A gnoll sergeant (D:7)
  A spectral water moccasin (Lair:2)
  A wight (D:7)
  4 killer bees (D:8)
  An orc priest (Orc:2)
  Crazy Yiuf (D:4)
  An orc wizard (D:11)
  4 gnolls
  A kobold (D:7)
  A briar patch (Swamp:1)
  42 fungi
  47 plants
  6 snaplasher vines
  A starspawn tentacle (Swamp:1)
159 creatures vanquished.

Grand Total: 828 creatures vanquished

Notes
Turn   | Place    | Note
-------+----------+-------------------------------------------
     0 | D:1      | cforsyth the Octopode Summoner began the quest for the Orb.
     0 | D:1      | Reached XP level 1. HP: 11/11 MP: 3/3
   127 | D:1      | Reached XP level 2. HP: 17/17 MP: 1/5
   130 | D:1      | Learned a level 2 spell: Call Imp
   988 | D:2      | Reached XP level 3. HP: 13/21 MP: 1/7
   992 | D:2      | Learned a level 3 spell: Call Canine Familiar
  1239 | D:2      | Noticed an ogre
  1247 | D:2      | Killed an ogre
  1248 | D:2      | Reached skill level 5 in Summonings
  1248 | D:2      | Reached XP level 4. HP: 27/27 MP: 0/9
  1248 | D:2      | Reached XP level 5. HP: 31/31 MP: 0/10
  1347 | D:2      | Learned a level 3 spell: Summon Guardian Golem
  2309 | D:3      | Noticed an ogre
  2321 | D:3      | Killed an ogre
  2322 | D:3      | Reached XP level 6. HP: 36/36 MP: 5/12
  2962 | D:3      | Noticed Robin
  3010 | D:3      | Reached skill level 6 in Summonings
  3068 | D:3      | Killed Robin
  3168 | D:3      | Found Ytuheycu's Armour Shoppe.
  3362 | D:4      | Noticed a black bear
  3393 | D:4      | Killed a black bear
  3448 | D:4      | Reached XP level 7. HP: 41/41 MP: 10/14
  3530 | D:4      | Found Ojaoraze's Weapon Shoppe.
  3651 | D:4      | Found a runed translucent door.
  3652 | D:4      | Noticed Crazy Yiuf
  4103 | D:4      | Reached skill level 5 in Spellcasting
  4293 | D:4      | Killed Crazy Yiuf
  4542 | D:5      | Entered Level 5 of the Dungeon
  5005 | D:5      | Reached skill level 7 in Summonings
  5044 | D:5      | Noticed Sigmund
  5082 | D:5      | Killed Sigmund
  5083 | D:5      | Reached XP level 8. HP: 46/46 MP: 14/17
  5204 | D:5      | Learned a level 4 spell: Summon Lightning Spire
  5628 | D:6      | Found a glowing golden altar of the Shining One.
  5639 | D:6      | Found a snail-covered altar of Cheibriados.
  5678 | D:6      | Found a hazy altar of Hepliaklqana.
  5699 | D:6      | Found a white marble altar of Elyvilon.
  5711 | D:6      | Reached skill level 1 in Hexes
  5711 | D:6      | Reached skill level 1 in Air Magic
  5870 | D:6      | Noticed a nameless horror
  6026 | D:6      | Killed a nameless horror
  6166 | D:6      | Noticed Blork the orc
  6184 | D:6      | Killed Blork the orc
  6311 | D:6      | Reached skill level 8 in Summonings
  6543 | D:6      | Noticed a yak
  6543 | D:6      | Noticed a yak
  6543 | D:6      | Noticed a yak
  6544 | D:6      | Noticed a yak
  6559 | D:6      | Killed a yak
  6560 | D:6      | Reached XP level 9. HP: 51/51 MP: 14/19
  6648 | D:6      | Reached skill level 9 in Summonings
  6994 | D:6      | Found a staircase to the Ecumenical Temple.
  7024 | Temple   | Entered the Ecumenical Temple
  7499 | D:7      | Found a snail-covered altar of Cheibriados.
  7499 | D:7      | Found Cheibriados's Comfort Zone.
  7786 | D:7      | Found an iron altar of Okawaru.
  8250 | D:7      | Found a glowing silver altar of Zin.
  8250 | D:7      | Found an opulent altar of Gozag.
  8255 | D:7      | Became a worshipper of Gozag Ym Sagoz the Greedy
  8376 | D:8      | Found a stormy altar of Qazlal.
  8388 | D:8      | Reached XP level 10. HP: 56/56 MP: 14/22
  8392 | D:8      | Reached skill level 10 in Summonings
  8997 | D:9      | Identified a scroll of acquirement
  8997 | D:9      | Acquired the staff of air "Zutyrum" {rElec Stlth+}
  9008 | D:9      | Noticed Amaemon
  9019 | D:9      | Found a flagged portal.
  9100 | D:10     | Entered Level 10 of the Dungeon
  9116 | D:9      | Noticed an orange demon
  9199 | Bailey   | Entered a bailey
  9294 | Bailey   | Reached skill level 11 in Summonings
  9418 | Bailey   | Acquired 926 gold pieces
  9706 | Bailey   | Reached skill level 10 in Spellcasting
  9947 | Bailey   | Identified the +5 great sword "Vadoac" {antimagic, rF+
                  | Dex+4 SInv Stlth+}
  9947 | Bailey   | Noticed an orc sorcerer
 10031 | Bailey   | Found an iron altar of Okawaru.
 10113 | Bailey   | Killed an orc sorcerer
 10139 | Bailey   | Noticed a kobold demonologist
 10144 | Bailey   | Noticed a rust devil
 10145 | Bailey   | Killed a kobold demonologist
 10146 | Bailey   | Reached XP level 11. HP: 61/61 MP: 16/25
 10185 | Bailey   | Acquired 883 gold pieces
 10768 | D:9      | Killed Amaemon
 10769 | D:9      | Reached skill level 12 in Summonings
 11262 | D:10     | Noticed a two-headed ogre
 11271 | D:10     | Killed a two-headed ogre
 11356 | D:10     | Noticed Grum
 11373 | D:10     | Killed Grum
 11476 | D:10     | Noticed Snorg
 11492 | D:10     | Killed Snorg
 12123 | D:10     | Reached skill level 13 in Summonings
 12196 | D:10     | Found Tedwocan's Assorted Antiques.
 12204 | D:10     | Bought a bubbling dark potion for 29 gold pieces
 12774 | D:10     | Noticed a tengu warrior
 12784 | D:10     | Killed a tengu warrior
 12956 | D:11     | Noticed a cyan ugly thing
 12967 | D:11     | Killed a cyan ugly thing
 12968 | D:11     | Reached XP level 12. HP: 66/66 MP: 11/28
 13182 | D:11     | Found a staircase to the Lair.
 13224 | D:11     | Noticed a two-headed ogre
 13251 | D:11     | Killed a two-headed ogre
 13253 | D:11     | Reached skill level 14 in Summonings
 13543 | D:11     | Found a staircase to the Orcish Mines.
 13692 | D:11     | Noticed Josephine
 13702 | D:11     | Killed Josephine
 13939 | D:12     | Noticed Nergalle
 14426 | D:12     | Noticed a two-headed ogre
 14444 | D:12     | Killed a two-headed ogre
 14608 | D:12     | Noticed a two-headed ogre
 14617 | D:12     | Killed a two-headed ogre
 15084 | D:12     | Killed Nergalle
 15575 | D:12     | Reached skill level 15 in Summonings
 15850 | Lair:1   | Entered Level 1 of the Lair of Beasts
 15858 | Lair:1   | Reached XP level 13. HP: 71/71 MP: 18/30
 17049 | Lair:1   | Bought a book of the Wilderness for 532 gold pieces
 17055 | Lair:1   | Learned a level 5 spell: Summon Forest
 17062 | Lair:1   | Learned a level 6 spell: Summon Cactus Giant
 17068 | Lair:1   | Learned a level 5 spell: Summon Mana Viper
 17080 | Lair:1   | Bought a scroll labelled ECEJUNYAMA for 33 gold pieces
 17080 | Lair:1   | Acquired 982 gold pieces
 17086 | Lair:1   | Bought the ring "Busuthaw" {AC+4 Int+5} for 642 gold pieces
 17146 | Lair:2   | Reached skill level 1 in Fighting
 17754 | Lair:2   | Reached skill level 5 in Dodging
 17757 | Lair:2   | Reached skill level 5 in Fighting
 17987 | Lair:2   | Found a staircase to the Swamp.
 18094 | Lair:2   | Found a staircase to the Snake Pit.
 18257 | Lair:2   | Found a runed translucent gate.
 18257 | Lair:2   | Found a runed translucent gate.
 18257 | Lair:2   | Found a runed translucent gate.
 18260 | Lair:2   | Noticed jimonade's ghost (journeyman FoWr)
 18457 | Lair:2   | Found a viscous altar of Jiyva.
 18484 | Lair:2   | Killed jimonade's ghost
 19922 | Lair:4   | Reached XP level 14. HP: 90/90 MP: 20/32
 20002 | Lair:4   | Identified the +5 glaive of Extermination {flame, Contam
                  | Will+ Dex+3 SInv}
 21162 | Lair:5   | Entered Level 5 of the Lair of Beasts
 22199 | Lair:5   | Found a large runed translucent door.
 22200 | Lair:5   | Found a large runed translucent door.
 22478 | Lair:5   | Found a staircase to the Slime Pits.
 23492 | Orc:1    | Entered Level 1 of the Orcish Mines
 24049 | Orc:1    | Noticed Vuvadabb's ghost (journeyman HOMo)
 24063 | Orc:1    | Found a transporter.
 24064 | Orc:1    | Noticed Erolcha
 24071 | Orc:1    | Killed Erolcha
 24718 | Orc:1    | Found a transporter.
 24995 | Orc:2    | Entered Level 2 of the Orcish Mines
 25133 | Orc:2    | Found a runed translucent door.
 25134 | Orc:2    | Noticed gelatine's ghost (journeyman DsVM)
 25384 | Orc:2    | Found Laxziqupt's Antique Armour Shoppe.
 25482 | Orc:2    | Found a staircase to the Elven Halls.
 25685 | Orc:2    | Reached skill level 10 in Dodging
 25688 | Orc:2    | Noticed an orc warlord
 25727 | Orc:2    | Reached skill level 10 in Fighting
 26027 | Orc:2    | Reached XP level 15. HP: 85/103 MP: 23/33
 26101 | Orc:2    | Killed an orc warlord
 26584 | Orc:2    | Found Dajogrer's General Store.
 26585 | Orc:2    | Found Cezinon's Book Boutique.
 26587 | Orc:2    | Found Donoan's Antique Armour Boutique.
 26587 | Orc:2    | Found Lyssag's Antique Weapon Shop.
 26894 | Orc:2    | Killed gelatine's ghost
 27109 | Orc:2    | Got the Papyrus of Fulmination
 27447 | Orc:1    | Killed Vuvadabb's ghost
 27644 | Lair:1   | Bought a scroll labelled SAXTAQ ZAARRI for 22 gold pieces
 27644 | Lair:1   | Bought a scroll labelled PAECURGHO VACVUFF for 22 gold
                  | pieces
 27644 | Lair:1   | Bought a clouded bone amulet for 110 gold pieces
 27644 | Lair:1   | Identified the amulet "Kohoroh" {Regen+ Str-5 Int+6} (You
                  | bought it in a shop on level 1 of the Lair of Beasts)
 27860 | D:13     | Identified the +8 hand axe of the Grave {vamp, rN+ Str+7
                  | Int-5 Dex-4}
 28649 | D:13     | Found an iron altar of Okawaru.
 29267 | D:13     | Found a gate to the Vaults.
 29394 | D:13     | Identified the staff of poison "Tousulog" {rPois SInv}
 29871 | D:13     | Reached skill level 1 in Transmutations
 30302 | D:14     | Noticed Bukydon's ghost (journeyman MiFi)
 30312 | D:14     | Found a runed translucent door.
 30489 | D:14     | Found Juvy's Antique Armour Shoppe.
 30489 | D:14     | Identified the +3 war axe "Iczoc" {protect, rPois}
 30710 | D:14     | Reached skill level 5 in Transmutations
 30858 | D:14     | Killed Bukydon's ghost
 30970 | D:15     | Entered Level 15 of the Dungeon
 31742 | D:15     | Found a staircase to the Depths.
 32340 | Swamp:1  | Entered Level 1 of the Swamp
 32560 | Swamp:1  | Reached XP level 16. HP: 114/114 MP: 18/34
 32977 | Swamp:1  | Found a blossoming altar of Fedhas.
 32980 | Swamp:1  | Noticed a thorn hunter
 32990 | Swamp:1  | Killed a thorn hunter
 33297 | Swamp:1  | Noticed a fenstrider witch
 33332 | Swamp:1  | Identified the +5 hand axe of Paixkok {venom, rN++ Dex-4}
 33341 | Swamp:1  | Killed a fenstrider witch
 33637 | Swamp:1  | Reached skill level 10 in Transmutations
 33958 | Swamp:2  | Noticed Mlioglotl
 33970 | Swamp:2  | Noticed a tentacled starspawn
 33976 | Swamp:1  | Noticed a bone dragon
 34195 | Swamp:1  | Noticed a bone dragon
 34396 | Swamp:1  | Learned a level 7 spell: Dragon Form
 35761 | Swamp:1  | Noticed a tentacled starspawn
 35775 | Swamp:1  | HP: 2/114 [Mlioglotl (18)]
 35776 | Swamp:1  | Slain by Mlioglotl

Illustrated notes

Levels and vault maps discovered:
D:1:      minmay_arrival_four_circles, layout_loops_ring
D:2:      layout_basic
D:3:      layout_loops_ring, serial_shops, shop, chequers_serial_rivers_micro_d,
          uniq_robin
D:4:      layout_basic, serial_shops, kennysheep_little_box,
          dreamdust_mushroom_princess, minmay_misc_feat_more_columns,
          uniq_crazy_yiuf_cottage
D:5:      layout_gridville, kennysheep_generic_room_2, uniq_sigmund
D:6:      layout_basic, mainiacjoe_overflow_catch_the_wave,
          mainiacjoe_overflow_surrounded_room,
          mainiacjoe_overflow_cross_hatched, minmay_temple_entry_large_hall,
          hellmonk_bongcloud_opening, uniq_blork_the_orc
D:7:      layout_loops_ring, grunt_temple_overflow_gold_and_silver,
          mainiacjoe_overflow_24_doors, hangedman_abyss_or_decor_stagger,
          minmay_shop_chei
D:8:      layout_rooms, nicolae_qazlal_general_emergency
D:9:      layout_roguey, enter_bailey_5, serial_park_tiny_1, bh_walls_and_bars,
          uniq_amaemon
D:10:     layout_stronghold, serial_column_ruins, column_ruins_circle_small,
          column_ruins_hut, column_ruins_open_small, column_ruins_open_tiny,
          column_ruins_open_tiny, column_ruins_grid_3,
          column_ruins_columns_straight, serial_shops, shop, uniq_grum,
          uniq_snorg
D:11:     layout_gridville, dpeg_oklobed_lair, orc_0_dummy, uniq_josephine
D:12:     layout_loops_corners, minmay_misc_feat_chi, uniq_nergalle
D:13:     layout_cave_pools, hangedman_vaults_entry_quadrant_bands,
          nicolae_eternal_life, kennysheep_okawaru_gauntlet
D:14:     layout_rooms, nicolae_sextant, hellmonk_ghost_happy_afterlife,
          serial_shops, shop, onia_ninara_dug_in_and_dangerous
D:15:     grunt_enter_depths_snipers, layout_basic, dreamdust_wishing_well,
          nrook_mini_backslash
Temple:   minmay_temple_curvy_branch
Lair:1:   layout_layer_cave, beast_lair_carwin_7
Lair:2:   layout_chaotic_city, nicolae_swamp_entry_spooky,
          nicolae_snake_entry_squirm, gammafunk_ghost_ooze, grunt_megastairs_1
Lair:3:   layout_roguey, chequers_serial_rivers_room_a
Lair:4:   layout_regular_city, serial_bayou_lagoon_b
Lair:5:   cheibrodos_lair_end_hotspot, layout_regular_city,
          minmay_slime_entry_pillars
Swamp:1:  layout_falls_marsh, hangedman_swamp_cone, lemuel_altar_in_water,
          swamp_pool2, grunt_witch_cave
Swamp:2:  layout_falls_marsh, evilmike_swamp_ruin_rubble_1, swamp_pool1,
          infiniplex_staircase_pool_2, uniq_mlioglotl
Orc:1:    nicolae_orc_accident_1, layout_caves, gammafunk_ghost_stat_death,
          basic_altar, mines1_david, uniq_erolcha
Orc:2:    st_orc_congregation, layout_caves, basic_altar, serial_shops,
          nicolae_diamond_shop, ebering_ghost_inner_flame

Skill      XL: |  1  2  3  4  5  6  7  8  9 10 11 12 13 14 15 16 |
---------------+-------------------------------------------------+-----
Spellcasting   | 3 4 6 8 10 12 13 14 | 14.0
Summonings     | 5 6 7 8 9 11 13 15 | 15.5
Hexes          | 2 3 |  3.0
Air Magic      | 2 4 |  4.0
Fighting       | 6 10 11 | 11.7
Dodging        | 6 10 12 | 12.0
Transmutations | 7 11 | 11.2
Stealth        | |  2.6

Action                     |  1- 3 |  4- 6 |  7- 9 | 10-12 | 13-15 | 16-18 || total
---------------------------+-------+-------+-------+-------+-------+-------++-------
  Melee: Unarmed           |    19 |     8 |    32 |       |       |       ||    59
         Constrict         |     4 |     3 |     9 |     9 |    13 |     3 ||    41
         Tentacles         |     2 |     3 |    14 |    13 |    34 |     6 ||    72
         Punch             |     1 |       |       |     1 |     3 |       ||     5
         Staff             |       |       |       |    29 |    71 |       ||   100
         War axe           |       |       |       |       |       |    21 ||    21
   Cast: Summon Small Mamm |    30 |    30 |    37 |    45 |    39 |       ||   181
         Call Imp          |     9 |    15 |    33 |    33 |    21 |       ||   111
         Call Canine Famil |     3 |    17 |    35 |    45 |    46 |     4 ||   150
         Summon Guardian G |       |     3 |    18 |    57 |    47 |     6 ||   131
         Summon Lightning  |       |       |     5 |    51 |    58 |     7 ||   121
         Summon Cactus Gia |       |       |       |       |   124 |    32 ||   156
         Summon Mana Viper |       |       |       |       |   104 |    26 ||   130
         Summon Forest     |       |       |       |       |    22 |     6 ||    28
 Invoke: Call Merchant     |       |       |       |       |     7 |       ||     7
  Evoke: Wand              |       |       |       |       |       |     3 ||     3
    Use: Scroll            |       |       |     1 |    15 |    13 |     4 ||    33
         Potion            |       |       |       |     2 |       |     7 ||     9
   Stab: Sleeping          |     1 |       |       |       |       |       ||     1
         Distracted        |     1 |     1 |       |       |     1 |     1 ||     4
 Armour: Skin              |       |     3 |     3 |     3 |    18 |    17 ||    44
  Dodge: Dodged            |    19 |    23 |    72 |    75 |   163 |   168 ||   520

Table legend: (Time is in decaauts)
 A = Elapsed time spent in this place.
 B = Non-inter-level travel time spent in this place.
 C = Inter-level travel time spent in this place.
 D = Time resting spent in this place.
 E = Time spent auto-exploring this place.
 F = Levels seen in this place.
 G = Mean time per level.
                   A        B        C        D        E       F      G
               +--------+--------+--------+--------+--------+-----+--------+
         Total |  35828 |  34610 |   1218 |   3402 |  24551 |  26 | 1378.0 |
       Dungeon |  19263 |  18545 |    718 |   1343 |  13800 |  15 | 1284.2 |
        Temple |    284 |    279 |      5 |      0 |    278 |   1 |  284.0 |
          Lair |   7718 |   7325 |    393 |      0 |   6011 |   5 | 1543.6 |
         Swamp |   3452 |   3444 |      8 |   1311 |   1438 |   2 | 1726.0 |
  Orcish Mines |   4107 |   4014 |     93 |    542 |   2689 |   2 | 2053.5 |
        Bailey |   1002 |   1002 |      0 |    206 |    335 |   1 | 1002.0 |
               +--------+--------+--------+--------+--------+-----+--------+

Top non-repeatable levels by time:
 Swamp:1: 3106 daAuts
    D:13: 2272 daAuts
  Lair:5: 2201 daAuts
   Orc:2: 2131 daAuts
   Orc:1: 1976 daAuts
    D:10: 1829 daAuts
    D:12: 1828 daAuts
  Lair:4: 1600 daAuts
  Lair:2: 1571 daAuts
     D:6: 1524 daAuts
  Lair:1: 1340 daAuts
    D:11: 1318 daAuts
     D:2: 1303 daAuts
    D:15: 1191 daAuts
     D:4: 1179 daAuts
